 Dungeon Crawl Stone Soup version 0.25-a0-435-g4b9beb1024 (webtiles) character file.

Game seed: 10720300929129978310, levelgen mode: deterministic

506279 Nattfarinn the Slayer (level 25, -24/240 HPs)
             Began as a Barachi Summoner on Jan 27, 2020.
             Was the Champion of Cheibriados.
             Killed from afar by an orb of fire (30 damage)
             ... with a bolt of fire
             ... on level 5 of the Realm of Zot on Jan 29, 2020.
             The game lasted 08:32:52 (89470 turns).

Nattfarinn the Slayer (Barachi Summoner)           Turns: 89470, Time: 08:32:54

Health: -24/240    AC: 35    Str: 32      XL:     25   Next: 1%
Magic:  0/47       EV: 28    Int: 41      God:    Cheibriados [******]
Gold:   3799       SH: 11    Dex: 30 (31) Spells: 4/46 levels left

rFire    + . .     SeeInvis +   a - +6 trident of Grontol {venom, rElec MP+9 Str+3 SInv}
rCold    + + +     Gourm    .   Z - +3 buckler
rNeg     + . .     Faith    .   l - quicksilver dragon scales
rPois    +         Spirit   .   y - +2 helmet
rElec    +         Reflect  .   o - +2 cloak {+Inv}
rCorr    .         Harm     .   u - +2 pair of gloves
MR       +++++                  h - +2 pair of boots
Stlth    ++........             r - amulet "Nifuig" {RegenMP MR++ Int+4}
HPRegen  0.50/turn              z - ring "Yttuxuith" {rF+ rC+}
MPRegen  0.55/turn              p - ring "Feqi" {rPois rC++ rN+ AC+2}

@: can't hop, very slow
A: +LOS, swims, agile 1, blink, deterioration 1, dopey 2, magic resistance 1,
robust 1, electricity resistance, slowness 1, strong 2, strong legs 2
}: 3/15 runes: barnacled, slimy, gossamer
a: Hop, Blink, Bend Time, Temporal Distortion, Slouch, Step From Time, Renounce
Religion, Evoke Invisibility


You were on level 5 of the Realm of Zot.
You worshipped Cheibriados.
Cheibriados was exalted by your worship.
You were very hungry.

You visited 10 branches of the dungeon, and saw 51 of its levels.
You also visited: Bailey and Wizlab.

You collected 6768 gold pieces.
You spent 2969 gold pieces at shops.

Inventory:

Hand Weapons
 a - the +6 trident of Grontol (weapon) {venom, rElec MP+9 Str+3 SInv}
   (You found it on level 1 of the Lair of Beasts)

   It poisons the flesh of those it strikes.
   It affects your strength (+3).
   It insulates you from electricity.
   It affects your magic capacity (+9).
   It lets you see invisible.
 b - the +8 hand crossbow "Azumejy" {penet, rF+ MR+ Int+3 Dex-4}
   (You found it on level 1 of the Spider Nest)

   Ammo fired by it will pass through the targets it hits, potentially hitting
   all targets in its path until it reaches maximum range.
   It affects your intelligence (+3).
   It affects your dexterity (-4).
   It protects you from fire.
   It affects your resistance to hostile enchantments.
Armour
 h - a +2 pair of boots (worn)
 l - quicksilver dragon scales (worn)
 o - a +2 cloak of invisibility (worn)
 u - a +2 pair of gloves (worn)
 y - a +2 helmet (worn)
 Z - a +3 buckler (worn)
Jewellery
 d - the ring "Naumokar" {*Slow EV+2 Str+7 Int+2}
   (You acquired it on level 4 of the Shoals)

   [ring of evasion]

   It affects your evasion (+2).
   It affects your strength (+7).
   It affects your intelligence (+2).
   It may slow you when you take damage.
 p - the ring "Feqi" (right hand) {rPois rC++ rN+ AC+2}
   (You bought it in a shop on level 3 of the Depths)

   [ring of protection]

   It affects your AC (+2).
   It greatly protects you from cold.
   It protects you from poison.
   It protects you from negative energy.
 r - the amulet "Nifuig" (around neck) {RegenMP MR++ Int+4}
   (You found it on level 5 of the Pits of Slime)

   [amulet of magic regeneration]

   It increases your magic regeneration.
   It affects your intelligence (+4).
   It affects your resistance to hostile enchantments.
 z - the ring "Yttuxuith" (left hand) {rF+ rC+}
   (You found it on level 5 of the Pits of Slime)

   [ring of protection from fire]

   It protects you from fire.
   It protects you from cold.
 D - the ring "Qiops" {rC- rN+++ Str+5 Int+4}
   (You took it off a tengu reaver on level 4 of the Depths)

   [ring of intelligence]

   It affects your strength (+5).
   It affects your intelligence (+4).
   It makes you vulnerable to cold.
   It renders you almost immune to negative energy.
 M - the ring "Coxtoz" {rPois rF+ rC- Int+6 SInv}
   (You took it off a fire giant on level 4 of the Depths)

   [ring of protection from fire]

   It affects your intelligence (+6).
   It protects you from fire.
   It makes you vulnerable to cold.
   It protects you from poison.
   It lets you see invisible.
 T - the ring "Umocadd" {rPois MR+ Int+5 Stlth-}
   (You found it on level 4 of the Depths)

   [ring of attention]

   It affects your intelligence (+5).
   It protects you from poison.
   It affects your resistance to hostile enchantments.
   It makes you less stealthy.
Wands
 j - a wand of paralysis (6)
 t - a wand of iceblast (7)
 v - a wand of scattershot (10)
 F - a wand of flame (76)
 I - a wand of digging (38)
 L - a wand of acid (37)
 N - a wand of polymorph (35)
 S - a wand of disintegration (27)
 V - a wand of enslavement (8)
Scrolls
 f - 19 scrolls of remove curse
 g - 2 scrolls of torment
 k - 4 scrolls of magic mapping
 n - 6 scrolls of amnesia
 s - 5 scrolls of teleportation
 x - 2 scrolls of enchant weapon
 E - a scroll of identify
 G - a scroll of silence
 J - 3 scrolls of immolation
 K - 4 scrolls of holy word
 P - 4 scrolls of fog
 U - a scroll of fear
 X - 2 scrolls of vulnerability
Potions
 e - 7 potions of brilliance
 i - 5 potions of invisibility
 m - 11 potions of curing
 q - a potion of cancellation
 w - 15 potions of mutation
 A - 3 potions of magic
 B - 7 potions of flight
 C - 9 potions of agility
 H - 5 potions of resistance
 O - 4 potions of might
 Q - 11 potions of lignification
 W - 3 potions of ambrosia
Comestibles
 c - 36 rations


   Skills:
 + Level 22.6 Fighting
   Level 6.5 Short Blades
 - Level 14.0 Polearms
 * Level 21.5 Armour
 - Level 14.7 Dodging
 - Level 1.7 Stealth
 - Level 7.2 Shields
 - Level 11.2 Spellcasting
 + Level 12.7 Conjurations
 - Level 22.4 Summonings
 - Level 2.5 Necromancy
 - Level 9.9 Transmutations
 - Level 3.5 Air Magic
 - Level 8.0 Earth Magic
 - Level 8.7 Invocations


You had 4 spell levels left.
You knew the following spells:

 Your Spells              Type           Power        Failure   Level  Hunger
a - Spellforged Servitor  Conj/Summ      ########..   1%          7    #####..
b - Fireball              Conj/Fire      ######....   3%          5    None
c - Borgnjor's Vile Clut  Necr/Erth      ######....   5%          5    None
d - Summon Lightning Spi  Summ/Air       #######.     1%          4    None
e - Summon Ice Beast      Ice/Summ       #######.     1%          4    None
f - Statue Form           Tmut/Erth      #######..    7%          6    ###....
g - Orb of Destruction    Conj           #######...   8%          7    #####..
h - Blink                 Tloc           N/A          2%          2    None
i - Passwall              Tmut/Erth      #######.     1%          2    None

Your spell library contained the following spells:

 Spells                   Type           Power        Failure   Level  Hunger
 Magic Dart               Conj           ####         0%          1    None
 Summon Small Mammal      Summ           ####         0%          1    None
 Call Imp                 Summ           ########     0%          2    None
 Searing Ray              Conj           ######       0%          2    None
 Call Canine Familiar     Summ           ########     0%          3    None
 Apportation              Tloc           ###...       1%          1    None
 Beastly Appendage        Tmut           ######       1%          1    None
 Corona                   Hex            ###....      1%          1    None
 Foxfire                  Conj/Fire      ####         1%          1    None
 Freeze                   Ice            ###.         1%          1    None
 Sandblast                Erth           ######       1%          1    None
 Corpse Rot               Necr/Air       N/A          1%          2    None
 Sticks to Snakes         Tmut           #######.     1%          2    None
 Sublimation of Blood     Necr           #####.....   1%          2    None
 Swiftness                Chrm/Air       #####...     1%          2    None
 Conjure Flame            Conj/Fire      ######..     1%          3    None
 Dazzling Flash           Conj/Hex       ######       1%          3    None
 Ignite Poison            Fire/Tmut/Pois ######..     1%          3    None
 Spider Form              Tmut/Pois      ######....   1%          3    None
 Summon Guardian Golem    Hex/Summ       #######.     1%          3    None
 Fulminant Prism          Conj/Hex       ######....   1%          4    None
 Hailstorm                Conj/Ice       ######..     1%          4    None
 Iskenderun's Mystic Bla  Conj/Tloc      ######..     1%          4    None
 Petrify                  Tmut/Erth      #######.     1%          4    None
 Sticky Flame             Conj/Fire      ######..     1%          4    None
 Shroud of Golubria       Chrm/Tloc      ###...       2%          2    None
 Ice Form                 Ice/Tmut       ######..     2%          4    None
 Gell's Gravitas          Tloc           ###.......   5%          3    None
 Inner Flame              Hex/Fire       ###.....     5%          3    None
 Lesser Beckoning         Tloc           ###.......   5%          3    None
 Ozocubu's Armour         Chrm/Ice       ###.....     5%          3    None
 Teleport Other           Tloc           ###.....     5%          3    None
 Dispel Undead            Necr           #####...     6%          4    None
 Passage of Golubria      Tloc           N/A          17%         4    None
 Blade Hands              Tmut           #######...   1%          5    None
 Lee's Rapid Deconstruct  Erth           ######....   1%          5    None
 Summon Forest            Summ/Tloc      #######...   1%          5    None
 Bolt of Magma            Conj/Fire/Erth ######....   2%          5    None
 Iskenderun's Battlesphe  Conj/Chrm      ######..     3%          5    None
 Iron Shot                Conj/Erth      #######...   3%          6    ###....
 Hydra Form               Tmut           #######...   4%          6    ###....
 Alistair's Intoxication  Tmut/Pois      ######..     6%          5    None
 Yara's Violent Unravell  Hex/Tmut       ######....   6%          5    None
 Haunt                    Necr/Summ      #######...   9%          7    #####..
 Conjure Ball Lightning   Conj/Air       ######....   10%         6    ###....
 Agony                    Necr           #####...     17%         5    None
 Silence                  Hex/Air        #####.....   24%         5    None
 Dragon Form              Tmut           #######...   24%         7    #####..
 Excruciating Wounds      Chrm/Necr      ####......   28%         5    None
 Deflect Missiles         Chrm/Air       #####.....   78%         6    ###....
 Simulacrum               Ice/Necr       ####......   83%         6    ###....
 Darkness                 Hex            ###.......   95%         6    ###....
 Invisibility             Hex            ###.....     95%         6    ###....
 Borgnjor's Revivificati  Necr           #####.....   100%        8    ######.
 Death's Door             Chrm/Necr      ####......   100%        8    ######.
 Infestation              Necr           #####.....   100%        8    ######.
 Necromutation            Tmut/Necr      ######....   100%        8    ######.
 Tornado                  Air            ######....   100%        9    #######


Dungeon Overview and Level Annotations

Branches:
Dungeon (15/15)            Temple (1/1) D:5            Lair (6/6) D:8
 Shoals (4/4) Lair:2       Spider (4/4) Lair:3        Slime (5/5) Lair:5
    Orc (2/2) D:12            Elf (0/3) Orc:2        Vaults (4/5) D:14
  Crypt (0/3) Vaults:2     Depths (5/5) D:15            Zot (5/5) Depths:5
 Bailey (visited)          WizLab (visited)

Altars:
Ashenzari
Cheibriados
Dithmenos
Elyvilon
Fedhas
Gozag
Hepliaklqana
Kikubaaqudgha
Makhleb
Nemelex Xobeh
Okawaru
Qazlal
Ru
Sif Muna
Trog
Uskayaw
Vehumet
Wu Jian
Xom
Yredelemnul
Zin
The Shining One
Beogh
Jiyva

Shops:
D:5 %   D:10 }   D:11 }   D:14 !   Orc:2 :(!*   Vaults:1 (   Vaults:2 (
Depths:3 (=

Portals:
Hell: Depths:1 Depths:2 Depths:3 Depths:4 Depths:5
Abyss: Depths:2 Depths:4 Depths:5
Pandemonium: Depths:1 Depths:3
Ziggurat: Depths:5

Annotations:
D:4 3 runed translucent doors, rayg00n's ghost, amateur DrTm
D:12 1 runed translucent door, Epan's ghost, journeyman GrEE
Lair:6 2 transporters, 1 runed translucent door, waddelsworth's ghost, journeyman GrEE
Vaults:4 2 runed translucent doors, Oqaxass's ghost, adept BaSu
Zot:5 exclusion: orange crystal statue


Innate Abilities, Weirdness & Mutations

You can be seen from farther away. (+LOS)
You can swim through water.
You cover ground slowly.
You can hop long distances.
You are agile. (Dex +2)
You can translocate small distances at will.
Your body sometimes deteriorates upon taking damage.
You are very dopey. (Int -4)
You are resistant to hostile enchantments. (MR+)
You are robust. (+10% HP)
You are resistant to electric shocks. (rElec)
Your muscles are very strong. (Str +4)


Message History

You kill the rime drake!
The rime drake's corpse disappears in a puff of smoke!
You feel somewhat more hungry.
The orb of fire glows yellow.
The bolt of fire hits you!! You resist.
* * * LOW HITPOINT WARNING * * *
Your body deteriorates!
You feel clumsy. You block the green draconian's attack.
The green draconian completely misses you.
The orb of fire emits a lurid red light.
The bolt of fire hits the orb of fire.
The orb of fire completely resists.
The bolt of fire hits you!! You resist.
* * * LOW HITPOINT WARNING * * *
The black draconian breathes lightning at you.
The bolt of lightning hits the orb of fire.
The orb of fire completely resists.
The bolt of lightning hits you! You resist.
* * * LOW HITPOINT WARNING * * *
The orb of fire glows red.
The bolt of fire hits you!! You resist.
You die...

≈≈§# ≈§≈# §§≈# ####
.... .... ####
################
...#
#..............##
..##
^......*@dd.....##
..#
^.......*q..^..^.##
.##
..........§.......#
(#
$............^....#
.#
....p..D..........#
..#
.......Xd*........#
..#
........q...!.....#
...
..........X.......#
............d....##


You could see 3 orbs of fire, a Killer Klown, a shadow dragon, a tentacled
monstrosity, a black draconian monk, a black draconian, a yellow draconian
(wandering), 2 draconians, a red draconian stormcaller and an Orb Guardian.

Vanquished Creatures
  the Royal Jelly (Slime:5)
  An orb of fire (Zot:2)
  Margery (Vaults:3)
  A Killer Klown (Zot:2)
  A caustic shrike (Depths:4)
  2 curse toes (Zot:4)
  4 golden dragons
  Nikola (Spider:2)
  3 tentacled monstrosities
  4 Orb Guardians (Zot:5)
  2 liches
  2 quicksilver dragons
  A death cob (Zot:2)
  24 acid blobs
  A sphinx (Depths:4)
  Kirke (Spider:1)
  A tengu reaver (Depths:4)
  2 storm dragons
  A shadow dragon (Zot:1)
  Donald (Spider:2)
  3 draconian monks
  12 azure jellies
  5 draconian knights
  3 frost giants
  A draconian scorcher (Zot:4)
  2 fire giants
  A deep elf sorcerer (Vaults:2)
  An orc warlord (Vaults:4)
  13 ghost moths
  3 emperor scorpions
  6 vault wardens
  A cacodemon (Spider:4)
  A draconian shifter (Zot:4)
  A spriggan defender (Depths:3)
  5 ironheart preservers
  A war gargoyle (Vaults:3)
  9 very ugly things
  An entropy weaver (Vaults:3)
  3 draconian annihilators
  2 vampire knights (Depths:4)
  6 black draconians
  14 stone giants
  2 purple draconians
  4 green draconians
  2 deep elf annihilators
  2 white draconians
  2 red draconians
  2 merfolk impalers
  5 fire dragons
  A deep elf high priest (Depths:5)
  A deep elf death mage (Vaults:2)
  6 yaktaur captains
  3 death oozes
  10 great orbs of eyes
  2 spriggan air magi
  2 ice dragons (Depths:5)
  3 vault guards
  A rakshasa (Vaults:1)
  A hell beast (Depths:3)
  A hydra (shapeshifter) (Vaults:3)
  3 alligator snapping turtles
  A merfolk avatar (Shoals:4)
  2 centaur warriors
  8 ogre magi
  16 two-headed ogres
  2 deep troll shamans
  A vampire mage (Vaults:2)
  A spriggan berserker (Depths:5)
  2 tengu warriors
  5 deep troll earth magi
  A hell knight (Vaults:3)
  An iron troll (Depths:5)
  8 deep elf knights
  An iron golem (WizLab)
  2 sixfirhies
  A skeletal warrior (Vaults:2)
  2 shadow wraiths
  A titan skeleton (Vaults:3)
  9 deep trolls
  A gelid demonspawn (Depths:1)
  4 sea snakes (Shoals:4)
  2 death drakes (Depths:5)
  A torturous demonspawn (Depths:1)
  5 unseen horrors
  2 wizards
  A deep troll (shapeshifter) (Depths:2)
  15 harpies
  3 deep elf archers
  4 ironbrand convokers
  A lindwurm (Depths:5)
  2 necromancers
  3 phantasmal warriors
  An orb spider (Spider:2)
  2 orc knights
  17 ugly things
  An orb spider (shapeshifter) (WizLab)
  12 wolf spiders
  9 shining eyes
  6 deep elf magi
  16 moths of wrath
  An orc sorcerer (Orc:1)
  3 merfolk sirens
  A manticore (Shoals:4)
  5 vault sentinels
  A fire giant skeleton (Depths:1)
  3 elephants
  2 naga magi (D:15)
  A water nymph (Shoals:4)
  2 guardian serpents (shapeshifter)
  3 centaur zombies
  A black mamba (Lair:6)
  2 torpor snails (Lair:6)
  3 eyes of devastation
  2 freezing wraiths
  3 spiny frogs
  3 spiny frogs (shapeshifter)
  A rime drake (Lair:3)
  A rime drake (shapeshifter) (Vaults:4)
  An ice devil (Depths:3)
  5 centaur skeletons
  25 yaktaurs
  A komodo dragon (shapeshifter) (Vaults:4)
  2 komodo dragons
  A yaktaur (shapeshifter) (Vaults:2)
  5 demonic crawlers
  4 wind drakes
  2 jumping spiders (shapeshifter)
  2 trolls
  9 merfolk
  2 queen bees (shapeshifter)
  A polar bear (shapeshifter) (Vaults:1)
  A meliai (shapeshifter) (WizLab)
  18 jumping spiders
  A tengu conjurer (Depths:4)
  6 hornets
  3 dream sheep
  2 snapping turtles
  A tyrant leech (Lair:6)
  5 hippogriffs
  A blink frog (Lair:2)
  80 slime creatures
  2 human simulacra
  11 water elementals
  A spriggan (Depths:3)
  33 redbacks
  2 spriggans (shapeshifter) (WizLab)
  7 yaks
  12 tarantellas
  3 tarantellas (shapeshifter)
  A yak (shapeshifter) (WizLab)
  A wyvern (D:8)
  A hog (shapeshifter) (WizLab)
  2 wraiths
  A chaos spawn (Depths:1)
  4 hungry ghosts
  5 golden eyes
  A vampire mosquito (D:14)
  A warg (Orc:2)
  2 acid dragons
  6 water moccasins
  2 large abominations (WizLab)
  3 porcupines (Lair:2)
  15 orc warriors
  2 sky beasts
  3 black bears
  3 eyes of draining
  2 black bears (shapeshifter)
  A hornet zombie (D:15)
  8 wolves
  A phantom (D:4)
  A tengu (shapeshifter) (WizLab)
  3 eyes of draining (shapeshifter)
  21 ogres
  2 boggarts (Vaults:2)
  7 centaurs
  5 crocodiles
  A big kobold (D:4)
  12 bullfrogs
  4 wyvern skeletons
  7 scorpions
  5 small abominations
  5 killer bees
  An electric eel (Lair:4)
  6 crimson imps
  A howler monkey (D:2)
  2 bullfrog zombies
  4 hounds
  A jelly (D:5)
  3 bullfrog skeletons
  4 orc priests
  An iron imp (Depths:4)
  9 orc wizards
  An iguana (D:6)
  9 worker ants
  A hell rat (Lair:5)
  A hound skeleton (D:4)
  A worker ant zombie (D:11)
  2 gnolls
  12 adders
  3 shadow imps
  3 worms
  2 dart slugs
  2 leopard geckos
  34 orcs
  4 giant cockroaches
  10 goblins
  5 hobgoblins
  9 jackals
  3 quokkas
  3 ball pythons
  12 bats
  7 frilled lizards
  A jackal skeleton (D:8)
  2 kobolds (D:1)
  5 rats
963 creatures vanquished.

Vanquished Creatures (collateral kills)
  An orb of fire (Zot:3)
  A juggernaut (Depths:5)
  Saint Roka (Vaults:4)
  Bai Suzhen (Depths:3)
  A caustic shrike (shapeshifter) (Depths:2)
  Frederick (Depths:4)
  A mutant beast (WizLab)
  7 golden dragons
  An electric golem (Zot:2)
  Jorgrun (Spider:3)
  10 tentacled monstrosities
  2 Orb Guardians (Zot:5)
  A lich (Depths:2)
  2 quicksilver dragons
  13 acid blobs
  5 death cobs
  2 krakens
  Agnes (Spider:1)
  4 storm dragons (Zot:4)
  A sphinx (Depths:2)
  5 shadow dragons
  An azure jelly (Slime:3)
  Roxanne (Shoals:1)
  9 draconian monks
  2 tengu reavers (Depths:5)
  An iron dragon (Depths:4)
  6 vault wardens
  6 fire giants
  7 frost giants
  Louise (Spider:2)
  4 emperor scorpions (Spider:4)
  A ghost moth (Spider:3)
  The ghost of Dymesytif the Bringer of Life, a journeyman TrWz of Elyvilon (D:13)
  A draconian knight (Zot:4)
  3 draconian scorchers
  2 draconian annihilators (Zot:4)
  14 very ugly things
  5 draconian shifters
  A draconian stormcaller (Zot:5)
  2 entropy weavers
  10 ironheart preservers
  7 stone giants
  9 green draconians
  A vampire knight (Depths:1)
  Nessos (D:15)
  15 black draconians
  8 red draconians
  3 deep elf annihilators
  A spark wasp (Spider:4)
  4 yellow draconians
  8 white draconians
  3 ettins
  5 purple draconians
  4 merfolk impalers (Shoals:4)
  6 fire dragons
  A green death (Depths:1)
  3 merfolk javelineers
  An eidolon (Vaults:2)
  4 yaktaur captains
  2 death oozes
  7 rakshasas
  2 deep elf death magi (Depths:5)
  11 great orbs of eyes
  2 vault guards (Vaults:3)
  4 ice dragons
  2 death knights
  6 hydras
  4 merfolk avatars
  12 centaur warriors
  An alligator snapping turtle (Shoals:3)
  Erica (Lair:1)
  2 satyrs
  32 two-headed ogres
  5 spriggan air magi
  4 tengu warriors
  8 deep troll shamans
  4 merfolk aquamancers
  2 vampire magi
  7 ogre magi
  6 deep troll earth magi
  3 spriggan berserkers
  4 deep elf knights
  4 spriggans
  A fire crab (shapeshifter) (Vaults:3)
  5 skeletal warriors
  3 iron trolls
  6 sea snakes
  20 deep trolls
  3 hell knights
  3 wizards
  An entropy weaver zombie (Vaults:1)
  4 glowing orange brains
  An unseen horror (Vaults:1)
  2 flayed ghosts
  3 lindwurms
  A tengu zombie (Vaults:3)
  2 necromancers
  20 orb spiders
  9 ironbrand convokers
  14 harpies
  2 wolf spider zombies
  5 deep elf archers
  Pikel (D:7)
  2 harpies (shapeshifter) (WizLab)
  18 manticores
  An orc sorcerer (Vaults:4)
  16 wolf spiders
  12 orc knights
  A tengu skeleton (Depths:1)
  A shining eye (Lair:5)
  6 deep elf magi
  32 ugly things
  12 fauns
  2 centaur zombies
  5 cyclopes
  Maurice (Orc:1)
  7 moths of wrath
  A human skeleton (Vaults:1)
  7 elephants
  A rust devil (Depths:3)
  A moth of wrath (shapeshifter) (Depths:4)
  6 vault sentinels
  4 merfolk sirens
  2 salamanders (shapeshifter) (WizLab)
  A black mamba (Lair:1)
  3 water nymphs
  2 gargoyles
  A naga mage (D:15)
  Psyche (D:8)
  A centaur skeleton (D:14)
  5 large abominations (WizLab)
  A spiny frog (shapeshifter) (Depths:4)
  8 spiny frogs
  4 torpor snails (Lair:6)
  3 freezing wraiths
  A hellwing (Depths:3)
  A rime drake (Lair:2)
  5 komodo dragons
  44 yaktaurs
  11 demonic crawlers
  A tengu conjurer (Depths:5)
  30 jumping spiders
  27 merfolk
  A queen bee (shapeshifter) (Depths:4)
  A queen bee (Spider:1)
  5 trolls
  3 trolls (shapeshifter) (WizLab)
  A blink frog (shapeshifter) (WizLab)
  A hornet (shapeshifter) (WizLab)
  A polar bear (Lair:6)
  A wind drake (Shoals:4)
  3 blink frogs (Lair:2)
  A dream sheep (shapeshifter) (WizLab)
  4 hippogriffs
  4 hippogriffs (shapeshifter)
  4 dream sheep
  12 snapping turtles
  3 tyrant leeches (Lair:6)
  77 slime creatures
  13 hornets
  75 redbacks
  13 tarantellas
  3 water elementals
  A centaur simulacrum (D:12)
  A wyvern (D:11)
  2 shadows
  36 yaks
  2 hogs (shapeshifter)
  3 wraiths
  A basilisk (Lair:2)
  5 golden eyes
  2 hungry ghosts
  A yaktaur simulacrum (Vaults:1)
  2 golden eyes (shapeshifter)
  2 wargs
  9 vampire mosquitoes
  2 acid dragons
  9 porcupines
  8 water moccasins
  4 floating eyes (WizLab)
  3 slaves (D:7)
  30 orc warriors
  A hornet zombie (D:14)
  5 swamp drakes
  8 eyes of draining
  3 ice beasts
  2 black bears
  2 sky beasts
  A deep troll simulacrum (Depths:1)
  A necrophage (D:5)
  4 wolves
  5 boggarts (Vaults:2)
  14 centaurs
  35 ogres
  8 crocodiles
  2 big kobolds
  5 bullfrogs
  A human zombie (Vaults:1)
  4 small abominations
  2 gnoll sergeants (D:10)
  2 wyvern zombies
  3 scorpions (D:12)
  A scorpion (shapeshifter) (Depths:2)
  19 killer bees
  2 howler monkeys (D:8)
  5 wights (D:11)
  4 electric eels
  2 crimson imps
  2 bullfrog zombies
  4 jellies
  16 orc priests
  A bullfrog skeleton (D:6)
  3 hounds
  16 orc wizards
  An iguana (D:11)
  5 hell rats (Lair:5)
  8 worker ants
  13 gnolls
  3 adders
  2 shadow imps
  4 worms (Spider:1)
  A dart slug (D:1)
  2 leopard geckos
  67 orcs
  A giant cockroach (D:1)
  2 goblins
  4 hobgoblins
  2 jackals (D:6)
  17 kobolds
  2 rats (D:1)
  A crawling corpse (Depths:5)
  A fungus (Lair:4)
  6 plants
  3 tentacles
1430 creatures vanquished.

Vanquished Creatures (others)
  An acid blob (Slime:5)
  2 stone giants
  A red draconian (Zot:4)
  A yaktaur captain (Vaults:4)
  An ogre mage (Depths:3)
  A deep troll earth mage (Depths:3)
  A deep troll (Depths:5)
  A wolf spider (Spider:3)
  2 cyclopes (Vaults:1)
  12 yaktaurs
  A jumping spider (Spider:4)
  A redback (Spider:1)
  3 humans (Spider:1)
  A centaur (Shoals:3)
  7 fungi
  48 plants
  13 tentacles
97 creatures vanquished.

Grand Total: 2490 creatures vanquished

Notes
Turn   | Place    | Note
-------+----------+-------------------------------------------
     0 | D:1      | Nattfarinn the Barachi Summoner began the quest for the
                  | Orb.
     0 | D:1      | Reached XP level 1. HP: 13/13 MP: 3/3
   699 | D:1      | Reached skill level 5 in Summonings
   818 | D:1      | Reached XP level 2. HP: 18/20 MP: 5/5
   823 | D:1      | Learned a level 2 spell: Call Imp
   889 | D:1      | Reached skill level 1 in Armour
  1712 | D:1      | Reached XP level 3. HP: 25/25 MP: 6/6
  1899 | D:2      | Found a faded altar of an unknown god.
  2189 | D:2      | Reached skill level 1 in Fighting
  2459 | D:2      | Reached XP level 4. HP: 25/32 MP: 6/8
  2779 | D:2      | Learned a level 3 spell: Call Canine Familiar
  2934 | D:2      | Found a bloodstained altar of Trog.
  3265 | D:3      | Reached XP level 5. HP: 36/37 MP: 9/9
  3849 | D:4      | Noticed an ogre
  3857 | D:4      | Killed an ogre
  3857 | D:4      | Reached skill level 1 in Short Blades
  3857 | D:4      | Reached XP level 6. HP: 11/44 MP: 10/10
  4207 | D:4      | HP: 2/44 [hound (1)]
  4548 | D:4      | Noticed a phantom
  4611 | D:4      | Killed a phantom
  4929 | D:4      | Reached XP level 7. HP: 15/51 MP: 8/11
  5159 | D:4      | Found a runed translucent gate.
  5159 | D:4      | Found a runed translucent gate.
  5159 | D:4      | Noticed rayg00n's ghost (amateur DrTm)
  5160 | D:4      | Identified the +3 scale mail of Amorality {rC- rN+ Int+3}
  5161 | D:4      | Found a runed translucent gate.
  5162 | D:4      | Identified the +1 war axe of Yesterday {protect, rPois
                  | Int+6}
  5165 | D:4      | Found a roughly hewn altar of Beogh.
  5905 | D:5      | Entered Level 5 of the Dungeon
  5988 | D:5      | Found an iron altar of Okawaru.
  6385 | D:5      | Found Ajasets's Food Shop.
  6691 | D:5      | Found a staircase to the Ecumenical Temple.
  6814 | D:5      | Reached skill level 5 in Armour
  6880 | Temple   | Entered the Ecumenical Temple
  7470 | D:6      | Reached XP level 8. HP: 45/58 MP: 3/13
  8082 | D:6      | Learned a level 4 spell: Summon Lightning Spire
  8610 | D:6      | Reached skill level 1 in Air Magic
  9055 | D:7      | HP: 3/61 [orc warrior/boomerang (13)]
  9345 | D:6      | Reached XP level 9. HP: 22/66 MP: 15/15
  9350 | D:6      | HP: 2/66 [orc warrior/boomerang (18)]
  9757 | D:7      | Found a snail-covered altar of Cheibriados.
  9767 | D:7      | Became a worshipper of Cheibriados the Contemplative
  9987 | D:7      | Reached * piety under Cheibriados
 10240 | D:7      | Noticed Pikel
 10249 | D:7      | Killed Pikel
 10249 | D:7      | Reached skill level 5 in Dodging
 10340 | D:7      | Reached skill level 5 in Fighting
 10521 | D:8      | Found a staircase to the Lair.
 10575 | D:8      | Noticed Psyche
 10584 | D:8      | Killed Psyche
 10874 | D:8      | Reached skill level 5 in Spellcasting
 10924 | D:8      | Reached ** piety under Cheibriados
 11593 | D:9      | Reached XP level 10. HP: 71/74 MP: 13/17
 11645 | D:9      | Got a crude leather armour
 11656 | D:9      | Identified the +0 leather armour of the Louse {rC+ rCorr
                  | Str-2 Int+7} (You found it on level 9 of the Dungeon)
 11665 | D:9      | Learned a level 4 spell: Summon Ice Beast
 12236 | D:10     | Entered Level 10 of the Dungeon
 12251 | D:10     | Reached *** piety under Cheibriados
 12254 | D:10     | Found Epe Qebi's Gadget Boutique.
 12275 | D:10     | Found a flagged portal.
 12290 | Bailey   | Entered a bailey
 12458 | Bailey   | Noticed an orc knight
 12465 | Bailey   | Killed an orc knight
 12465 | Bailey   | Reached skill level 5 in Short Blades
 12497 | Bailey   | Noticed an orc knight
 12526 | Bailey   | Killed an orc knight
 12654 | Bailey   | Found an iron altar of Okawaru.
 12770 | D:10     | Reached skill level 10 in Summonings
 12780 | D:10     | Reached **** piety under Cheibriados
 14184 | D:11     | Noticed a manticore
 14196 | D:11     | Killed a manticore
 14385 | D:11     | Reached ***** piety under Cheibriados
 14673 | D:11     | Noticed a cyclops
 14677 | D:11     | Killed a cyclops
 14894 | D:11     | Found Niex's Gadget Boutique.
 14922 | D:11     | Reached XP level 11. HP: 83/84 MP: 20/20
 14964 | D:11     | Noticed a red ugly thing
 14964 | D:11     | Noticed a cyclops
 14970 | D:11     | Killed a cyclops
 14981 | D:11     | Killed a red ugly thing
 15179 | D:11     | Noticed a purple ugly thing
 15185 | D:11     | Killed a purple ugly thing
 15356 | D:12     | Found a runed translucent door.
 15404 | D:12     | Noticed a centaur warrior
 15406 | D:12     | Noticed a manticore
 15416 | D:12     | Killed a centaur warrior
 15427 | D:12     | Killed a manticore
 15951 | D:12     | Found a staircase to the Orcish Mines.
 16221 | D:12     | Reached ****** piety under Cheibriados
 16374 | D:12     | Noticed an ogre mage
 16375 | D:12     | Noticed a manticore
 16385 | D:12     | Killed an ogre mage
 16397 | D:12     | Killed a manticore
 16761 | D:12     | Noticed a two-headed ogre
 16772 | D:12     | Killed a two-headed ogre
 16899 | D:12     | Noticed Epan's ghost (journeyman GrEE)
 17000 | Lair:1   | Entered Level 1 of the Lair of Beasts
 17040 | Lair:1   | Noticed Erica
 17046 | Lair:1   | Killed Erica
 17732 | Lair:1   | Got a jewelled ring mail
 17743 | Lair:1   | Identified the +4 ring mail "Heixkafa" {Int+2 Dex+4} (You
                  | found it on level 1 of the Lair of Beasts)
 17813 | Lair:1   | Got a dazzling trident
 17814 | Lair:1   | Identified the +6 trident of Grontol {venom, rElec MP+9
                  | Str+3 SInv} (You found it on level 1 of the Lair of Beasts)
 17998 | Lair:2   | Noticed a seven-headed hydra
 18006 | Lair:2   | Killed a seven-headed hydra
 18006 | Lair:2   | Reached skill level 1 in Polearms
 18006 | Lair:2   | Reached XP level 12. HP: 95/95 MP: 19/22
 18023 | Lair:2   | Noticed a four-headed hydra
 18027 | Lair:2   | Killed a four-headed hydra
 18145 | Lair:2   | Reached skill level 10 in Armour
 18508 | Lair:2   | Found a staircase to the Shoals.
 18687 | Lair:2   | You fall into a shaft and drop 1 floor!
 19129 | Lair:3   | Learned a level 7 spell: Spellforged Servitor
 19165 | Lair:3   | Reached skill level 1 in Conjurations
 19190 | Lair:3   | Found a hole to the Spider Nest.
 19272 | Lair:3   | Got a steaming trident
 19273 | Lair:3   | Identified the +6 trident of Evulops {flame, *Drain rN++}
                  | (You found it on level 3 of the Lair of Beasts)
 20648 | Lair:4   | Learned a level 6 spell: Iron Shot
 21167 | Lair:5   | Reached skill level 5 in Conjurations
 21537 | Lair:5   | Found a viscous altar of Jiyva.
 21537 | Lair:5   | Found a staircase to the Slime Pits.
 21632 | Lair:6   | Entered Level 6 of the Lair of Beasts
 21632 | Lair:6   | Noticed a six-headed hydra
 21632 | Lair:6   | Noticed a seven-headed hydra
 21644 | Lair:5   | Killed a six-headed hydra
 21772 | Lair:6   | Killed a seven-headed hydra
 22094 | Lair:6   | Gained mutation: You can hop long distances. [Barachi
                  | growth]
 22094 | Lair:6   | Reached XP level 13. HP: 102/102 MP: 25/25
 22181 | Lair:6   | Found a transporter.
 22225 | Lair:6   | Noticed waddelsworth's ghost (journeyman GrEE)
 22236 | Lair:6   | Found a transporter.
 22638 | Lair:6   | Reached skill level 5 in Polearms
 22881 | Lair:6   | Paralysed by a hornet for 2 turns
 23189 | Lair:6   | Found a runed translucent door.
 23201 | Lair:6   | Noticed an ice dragon
 24282 | Orc:1    | Entered Level 1 of the Orcish Mines
 24282 | Orc:1    | Noticed Maurice
 24290 | Orc:1    | Killed Maurice
 24553 | Orc:2    | Entered Level 2 of the Orcish Mines
 24744 | Orc:2    | Found a roughly hewn altar of Beogh.
 24780 | Orc:2    | Found a staircase to the Elven Halls.
 25017 | Orc:2    | Noticed an ogre mage
 25035 | Orc:2    | Killed an ogre mage
 25331 | Orc:2    | Reached skill level 10 in Conjurations
 25470 | Orc:2    | Reached XP level 14. HP: 103/109 MP: 27/27
 25500 | Orc:2    | Found Isamoeck's Book Shoppe.
 25500 | Orc:2    | Found Tysulouro's Distillery.
 25500 | Orc:2    | Found Cinitycluk's Weapon Boutique.
 25500 | Orc:2    | Found Hoabb's General Store.
 26191 | Orc:2    | Reached skill level 10 in Spellcasting
 26406 | Orc:2    | Bought a potion of might for 48 gold pieces
 26406 | Orc:2    | Bought a potion of flight for 36 gold pieces
 26406 | Orc:2    | Bought a potion of heal wounds for 60 gold pieces
 26406 | Orc:2    | Bought a potion of resistance for 120 gold pieces
 26406 | Orc:2    | Bought a potion of curing for 36 gold pieces
 26406 | Orc:2    | Bought a potion of heal wounds for 60 gold pieces
 26406 | Orc:2    | Bought 2 potions of curing for 72 gold pieces
 26406 | Orc:2    | Bought a potion of cancellation for 96 gold pieces
 26406 | Orc:2    | Bought a potion of curing for 36 gold pieces
 26406 | Orc:2    | Bought a potion of magic for 96 gold pieces
 26406 | Orc:2    | Bought a potion of mutation for 96 gold pieces
 26406 | Orc:2    | Bought a potion of curing for 36 gold pieces
 26406 | Orc:2    | Bought a potion of lignification for 36 gold pieces
 26407 | Orc:2    | Bought a book of the Sky for 975 gold pieces
 26409 | Orc:2    | Bought a potion of invisibility for 80 gold pieces
 26409 | Orc:2    | Bought a scroll of identify for 20 gold pieces
 26409 | Orc:2    | Bought a scroll of immolation for 35 gold pieces
 26409 | Orc:2    | Bought a scroll of identify for 20 gold pieces
 26757 | D:13     | Found a runed translucent door.
 26760 | D:13     | Found a shadowy altar of Dithmenos.
 27409 | D:13     | Noticed Dymesytif's ghost (journeyman TrWz)
 27418 | D:13     | Killed Dymesytif's ghost
 27459 | D:14     | Reached skill level 1 in Shields
 27861 | D:14     | Found a gate to the Vaults.
 28057 | D:14     | Reached skill level 1 in Invocations
 28065 | D:14     | Reached skill level 10 in Fighting
 28161 | D:14     | Found Dollokh's Distillery.
 28166 | D:14     | Bought a potion of heal wounds for 65 gold pieces
 28166 | D:14     | Bought a potion of heal wounds for 65 gold pieces
 28166 | D:14     | Bought a potion of invisibility for 104 gold pieces
 28166 | D:14     | Bought a potion of agility for 52 gold pieces
 28166 | D:14     | Bought a potion of curing for 39 gold pieces
 28761 | D:15     | Entered Level 15 of the Dungeon
 29273 | D:15     | Noticed Nessos
 29279 | D:15     | Killed Nessos
 29477 | D:15     | Identified a scroll of acquirement
 29882 | D:15     | Found a staircase to the Depths.
 30283 | Spider:1 | Entered Level 1 of the Spider Nest
 30287 | Spider:1 | Noticed an emperor scorpion
 30305 | Lair:3   | Killed an emperor scorpion
 30645 | Lair:3   | Learned a level 7 spell: Orb of Destruction
 30650 | Spider:1 | Reached XP level 15. HP: 101/116 MP: 29/29
 31071 | Spider:1 | Noticed Agnes
 31084 | Spider:1 | Killed Agnes
 31453 | Spider:1 | Noticed Kirke
 31464 | Spider:1 | Killed Kirke
 32114 | Spider:1 | Reached skill level 5 in Invocations
 32668 | Spider:1 | Got a scorched great sword
 32669 | Spider:1 | Identified the +8 great sword of Sloth {drain, rElec rF+
                  | MR+ Str+4} (You found it on level 1 of the Spider Nest)
 32910 | Spider:1 | Found the +8 mithril axe "Arga" {speed, MR+}
 32994 | Spider:1 | Got a jewelled hand crossbow
 32995 | Spider:1 | Identified the +8 hand crossbow "Azumejy" {penet, rF+ MR+
                  | Int+3 Dex-4} (You found it on level 1 of the Spider Nest)
 33495 | Spider:2 | Noticed Louise
 33501 | Spider:2 | Killed Louise
 34223 | Spider:2 | Noticed Nikola
 34232 | Spider:2 | Killed Nikola
 34641 | Spider:2 | Noticed Donald
 34653 | Spider:2 | Killed Donald
 35795 | Spider:3 | Killed a ghost moth
 35810 | Spider:3 | Noticed Jorgrun
 35829 | Spider:3 | Killed Jorgrun
 36225 | Spider:3 | Noticed a ghost moth
 36245 | Spider:3 | Killed a ghost moth
 36245 | Spider:3 | Reached XP level 16. HP: 55/126 MP: 0/31
 36757 | Spider:4 | Entered Level 4 of the Spider Nest
 37311 | Spider:4 | Reached skill level 10 in Polearms
 38130 | Spider:4 | Gained mutation: Your magical capacity is low. (-10% MP) [a
                  | cacodemon]
 38132 | Spider:4 | Gained mutation: You tend to lose your temper in combat. [a
                  | cacodemon]
 38773 | Spider:4 | Lost mutation: You tend to lose your temper in combat.
                  | [potion of mutation]
 38773 | Spider:4 | Lost mutation: Your magical capacity is low. (-10% MP)
                  | [potion of mutation]
 38773 | Spider:4 | Gained mutation: Your muscles are strong. (Str +2) [potion
                  | of mutation]
 38773 | Spider:4 | Gained mutation: You have large cloven feet. [potion of
                  | mutation]
 39446 | Spider:4 | Reached skill level 15 in Summonings
 39873 | Spider:4 | Got a gossamer rune of Zot
 40107 | Shoals:1 | Entered Level 1 of the Shoals
 40673 | Shoals:1 | Identified Roxanne's Grimoire of the Rocks
 40673 | Shoals:1 | Noticed Roxanne
 40986 | Shoals:1 | Killed Roxanne
 41631 | Shoals:2 | Learned a level 6 spell: Statue Form
 41831 | Shoals:2 | Identified the cursed +3 dagger of Certain Death {freeze,
                  | MR+ Str+4 Stlth+} (You found it on level 2 of the Shoals)
 41977 | Shoals:2 | Reached skill level 1 in Transmutations
 41991 | Shoals:2 | Reached skill level 1 in Earth Magic
 42125 | Shoals:2 | Reached XP level 17. HP: 135/135 MP: 32/32
 42146 | Shoals:2 | Noticed a kraken
 42154 | Shoals:2 | Killed a kraken
 44419 | Shoals:3 | Noticed a kraken
 44431 | Shoals:3 | Killed a kraken
 44654 | Shoals:4 | Entered Level 4 of the Shoals
 46469 | Shoals:4 | Got a barnacled rune of Zot
 46669 | Shoals:4 | Identified the Reference Book on Bewitchment and
                  | Transformation
 46768 | Shoals:4 | Identified the ring "Naumokar" {*Slow EV+2 Str+7 Int+2}
                  | (You acquired it on level 4 of the Shoals)
 47091 | Vaults:1 | Entered Level 1 of the Vaults
 47279 | Vaults:1 | Reached skill level 5 in Transmutations
 47548 | Vaults:1 | Reached skill level 5 in Earth Magic
 48316 | Vaults:1 | Reached XP level 18. HP: 120/145 MP: 33/33
 48441 | Vaults:1 | Found Xipehuw's Antique Weapon Emporium.
 50091 | Vaults:2 | Found a staircase to the Crypt.
 50372 | Vaults:2 | You fall into a shaft and drop 2 floors!
 51674 | Vaults:2 | HP: 5/148 [stone giant/large rock (31)]
 52469 | Vaults:2 | Reached skill level 15 in Fighting
 52723 | Vaults:2 | Found Hesat's Antique Weapon Emporium.
 52839 | Vaults:3 | Reached XP level 19. HP: 152/155 MP: 34/34
 52946 | Vaults:3 | HP: 1/155 [frost giant (illusionary)/bolt of cold (20)]
 53417 | Vaults:3 | Reached skill level 5 in Shields
 54010 | Vaults:3 | Reached skill level 10 in Dodging
 54080 | Vaults:3 | Noticed Margery
 54095 | Vaults:3 | Killed Margery
 57734 | Vaults:4 | Noticed Saint Roka
 57771 | Vaults:4 | Killed Saint Roka
 58127 | Vaults:4 | Reached XP level 20. HP: 167/167 MP: 35/35
 58427 | Vaults:4 | Found a large runed translucent door.
 58427 | Vaults:4 | Found a large runed translucent door.
 58427 | Vaults:4 | Noticed Oqaxass's ghost (adept BaSu)
 58837 | Depths:1 | Entered Level 1 of the Depths
 59603 | Depths:1 | Found a gateway to Hell.
 60411 | Depths:1 | Found a one-way gate leading to the halls of Pandemonium.
 60648 | Depths:2 | Found a magical portal.
 61632 | WizLab   | Paralysed by a floating eye for 2 turns
 61636 | WizLab   | Paralysed by a floating eye for 4 turns
 61759 | WizLab   | Paralysed by a floating eye for 2 turns
 61785 | WizLab   | Got a coiled lapis lazuli ring
 61812 | WizLab   | Identified the ring of Rexewk {MR+ Int+4} (You found it in
                  | a wizard's laboratory)
 61871 | WizLab   | Identified the Almanac of Transformation
 61879 | WizLab   | Identified the Collected Works on Transmutation
 61882 | WizLab   | Identified Cigotuvi's Guide on Ghastly Shape Shifting
 62935 | Depths:2 | Noticed a caustic shrike
 62951 | Depths:2 | Killed a caustic shrike
 63672 | Depths:2 | Found a glowing golden altar of the Shining One.
 63866 | Depths:2 | Found a one-way gate to the infinite horrors of the Abyss.
 64548 | Depths:3 | Reached XP level 21. HP: 178/178 MP: 36/36
 65062 | Depths:3 | Found Layqeky's Weapon Shoppe.
 65068 | Depths:3 | Found Noasil's Jewellery Emporium.
 65069 | Depths:3 | Found Uhiusm's General Store.
 65074 | Depths:3 | Bought the ring "Feqi" {rPois rC++ rN+ AC+2} for 686 gold
                  | pieces
 65088 | Depths:3 | Noticed Bai Suzhen
 65143 | Depths:3 | Killed Bai Suzhen
 66859 | Depths:4 | Learned a level 5 spell: Fireball
 66865 | Depths:4 | Learned a level 5 spell: Borgnjor's Vile Clutch
 66868 | Depths:4 | Learned a level 2 spell: Blink
 66871 | Depths:4 | Learned a level 2 spell: Passwall
 67366 | Depths:4 | Found a burning altar of Makhleb.
 67372 | Depths:4 | Identified the ring "Coxtoz" {rPois rF+ rC- Int+6 SInv}
 67373 | Depths:4 | Noticed a caustic shrike
 67412 | Depths:4 | Killed a caustic shrike
 67414 | Depths:4 | Identified the ring "Qiops" {rC- rN+++ Str+5 Int+4}
 67665 | Depths:4 | Got a serpentine ivory ring
 67666 | Depths:4 | Identified the ring "Umocadd" {rPois MR+ Int+5 Stlth-} (You
                  | found it on level 4 of the Depths)
 67679 | Depths:4 | Identified the ring "Vysoaram" {Str+4 Dex+3} (You found it
                  | on level 4 of the Depths)
 67786 | Depths:4 | Noticed Frederick
 67792 | Depths:4 | Killed Frederick
 68950 | Depths:5 | Entered Level 5 of the Depths
 68953 | Depths:5 | Found a gateway to a ziggurat.
 69188 | Depths:5 | Noticed a juggernaut
 69190 | Depths:5 | Noticed a golden dragon
 69197 | Depths:5 | Killed a juggernaut
 69201 | Depths:5 | Killed a golden dragon
 69203 | Depths:5 | Reached XP level 22. HP: 156/189 MP: 3/37
 69210 | Depths:5 | Killed a ghostly golden dragon
 70693 | Depths:5 | Noticed a golden dragon
 70698 | Depths:5 | Killed a golden dragon
 71845 | Depths:5 | Found a gate to the Realm of Zot.
 72389 | Slime:1  | Entered Level 1 of the Pits of Slime
 72848 | Lair:5   | Gained mutation: You expend magic power (3 MP) to
                  | strengthen your wands. [a shining eye]
 73000 | Lair:5   | Gained mutation: Scrolls take you a little longer to read.
                  | [a shining eye]
 73005 | Lair:5   | Gained mutation: Scrolls take you longer to read. [a
                  | shining eye]
 74842 | Slime:2  | Gained mutation: Your body sometimes deteriorates upon
                  | taking damage. [a shining eye]
 74843 | Slime:2  | Gained mutation: You tend to lose your temper in combat. [a
                  | shining eye]
 74844 | Slime:2  | Gained mutation: Scrolls take you much longer to read. [a
                  | shining eye]
 74844 | Slime:2  | Gained mutation: You are frail. (-10% HP) [a shining eye]
 74946 | Slime:1  | Lost mutation: Your body sometimes deteriorates upon taking
                  | damage. [potion of mutation]
 74946 | Slime:1  | Lost mutation: You expend magic power (3 MP) to strengthen
                  | your wands. [potion of mutation]
 74946 | Slime:1  | Lost mutation: Your muscles are strong. (Str +2) [potion of
                  | mutation]
 74946 | Slime:1  | Lost mutation: You are frail. (-10% HP) [potion of
                  | mutation]
 74947 | Slime:1  | Lost mutation: Scrolls take you much longer to read.
                  | [potion of mutation]
 74947 | Slime:1  | Lost mutation: You tend to lose your temper in combat.
                  | [potion of mutation]
 74947 | Slime:1  | Gained mutation: Your flesh is cold resistant. (rC+)
                  | [potion of mutation]
 75210 | Slime:2  | Found a viscous altar of Jiyva.
 75536 | Slime:2  | Lost mutation: Scrolls take you longer to read. [potion of
                  | mutation]
 75536 | Slime:2  | Lost mutation: Scrolls take you a little longer to read.
                  | [potion of mutation]
 75536 | Slime:2  | Gained mutation: Scrolls take you a little longer to read.
                  | [potion of mutation]
 75536 | Slime:2  | Gained mutation: You occasionally shout uncontrollably at
                  | your foes. [potion of mutation]
 75536 | Slime:2  | Gained mutation: Your flesh is heat resistant. (rF+)
                  | [potion of mutation]
 75537 | Slime:2  | Lost mutation: Scrolls take you a little longer to read.
                  | [potion of mutation]
 75537 | Slime:2  | Lost mutation: Your flesh is cold resistant. (rC+) [potion
                  | of mutation]
 75537 | Slime:2  | Gained mutation: Your spells are a little easier to cast,
                  | but a little less powerful. [potion of mutation]
 75537 | Slime:2  | Gained mutation: Your magical capacity is low. (-10% MP)
                  | [potion of mutation]
 75537 | Slime:2  | Gained mutation: You have a pair of small horns on your
                  | head. [potion of mutation]
 75538 | Slime:2  | Lost mutation: Your magical capacity is low. (-10% MP)
                  | [potion of mutation]
 75538 | Slime:2  | Lost mutation: Your spells are a little easier to cast, but
                  | a little less powerful. [potion of mutation]
 75538 | Slime:2  | Lost mutation: You have large cloven feet. [potion of
                  | mutation]
 75538 | Slime:2  | Lost mutation: You have a pair of small horns on your head.
                  | [potion of mutation]
 75538 | Slime:2  | Lost mutation: You occasionally shout uncontrollably at
                  | your foes. [potion of mutation]
 75538 | Slime:2  | Gained mutation: You are robust. (+10% HP) [potion of
                  | mutation]
 76134 | Slime:4  | Reached skill level 15 in Armour
 76520 | Slime:4  | Gained mutation: You are resistant to electric shocks.
                  | (rElec) [a shining eye]
 77162 | Slime:4  | Reached XP level 23. HP: 217/217 MP: 14/38
 77974 | Slime:4  | Gained mutation: You are dopey. (Int -2) [a shining eye]
 77975 | Slime:4  | Gained mutation: You are clumsy. (Dex -2) [a shining eye]
 78962 | Slime:4  | Lost mutation: You are dopey. (Int -2) [potion of mutation]
 78962 | Slime:4  | Lost mutation: Your flesh is heat resistant. (rF+) [potion
                  | of mutation]
 78962 | Slime:4  | Gained mutation: You are resistant to hostile enchantments.
                  | (MR+) [potion of mutation]
 78962 | Slime:4  | Gained mutation: You can translocate small distances at
                  | will. [potion of mutation]
 78964 | Slime:5  | Entered Level 5 of the Pits of Slime
 78982 | Slime:5  | Noticed the Royal Jelly
 79490 | Slime:5  | Gained mutation: Your magical capacity is low. (-10% MP) [a
                  | shining eye]
 79491 | Slime:5  | Gained mutation: You occasionally shout uncontrollably at
                  | your foes. [a shining eye]
 79640 | Slime:5  | Killed the Royal Jelly
 79983 | Slime:5  | Found the +7 Singing Sword {vorpal, sonic wave}
 80007 | Slime:5  | Identified the amulet "Nifuig" {RegenMP MR++ Int+4} (You
                  | found it on level 5 of the Pits of Slime)
 80049 | Slime:5  | Identified the +0 helmet of Boredom {rPois} (You found it
                  | on level 5 of the Pits of Slime)
 80051 | Slime:5  | Got a slimy rune of Zot
 80077 | Slime:5  | Identified the ring "Yttuxuith" {rF+ rC+} (You found it on
                  | level 5 of the Pits of Slime)
 80088 | Slime:5  | Identified Ruxaexui's Handbook of Captivating Translocation
 80155 | Slime:5  | Identified the +3 leather armour of Itasirahau {+Blink rC+
                  | Int+6 Dex-4} (You found it on level 5 of the Pits of Slime)
 80197 | Slime:5  | Identified the +4 rapier of Pyromania {freeze, MR+ Str+4
                  | Dex+4} (You found it on level 5 of the Pits of Slime)
 81112 | Zot:1    | Entered Level 1 of the Realm of Zot
 81256 | Zot:1    | Noticed a golden dragon
 81264 | Zot:1    | Killed a golden dragon
 81501 | Zot:1    | Reached skill level 1 in Necromancy
 83177 | Zot:2    | Noticed a Killer Klown
 83192 | Zot:2    | Killed a Killer Klown
 83273 | Zot:2    | Reached XP level 24. HP: 230/230 MP: 34/34
 83472 | Zot:2    | Noticed an orb of fire
 83474 | Zot:2    | Gained mutation: You are dopey. (Int -2) [an orb of fire]
 83476 | Zot:2    | Gained mutation: Armour fits poorly on your strangely
                  | shaped body. [an orb of fire]
 83482 | Zot:2    | Killed an orb of fire
 83483 | Zot:2    | Lost mutation: You occasionally shout uncontrollably at
                  | your foes. [potion of mutation]
 83483 | Zot:2    | Lost mutation: Your magical capacity is low. (-10% MP)
                  | [potion of mutation]
 83483 | Zot:2    | Lost mutation: You are clumsy. (Dex -2) [potion of
                  | mutation]
 83483 | Zot:2    | Lost mutation: You are resistant to electric shocks.
                  | (rElec) [potion of mutation]
 83483 | Zot:2    | Gained mutation: You occasionally shout uncontrollably at
                  | your foes. [potion of mutation]
 83483 | Zot:2    | Gained mutation: You are agile. (Dex +2) [potion of
                  | mutation]
 83484 | Zot:2    | Lost mutation: You occasionally shout uncontrollably at
                  | your foes. [potion of mutation]
 83484 | Zot:2    | Lost mutation: Armour fits poorly on your strangely shaped
                  | body. [potion of mutation]
 83484 | Zot:2    | Gained mutation: Your muscles are strong. (Str +2) [potion
                  | of mutation]
 83484 | Zot:2    | Gained mutation: Your body sometimes deteriorates upon
                  | taking damage. [potion of mutation]
 83484 | Zot:2    | Gained mutation: Your muscles are very strong. (Str +4)
                  | [potion of mutation]
 86053 | Zot:3    | Noticed an orb of fire
 86070 | Zot:3    | Killed an orb of fire
 86920 | Zot:4    | Noticed a curse toe
 86932 | Zot:4    | Killed a curse toe
 87979 | Zot:4    | Noticed a curse toe
 87987 | Zot:4    | Killed a curse toe
 88593 | Zot:4    | Identified the +1 robe "Syuhoh" {rN+ MR+ Int+4} (You found
                  | it on level 4 of the Realm of Zot)
 88698 | Zot:5    | Entered Level 5 of the Realm of Zot
 89447 | Zot:5    | Noticed an orb of fire
 89448 | Zot:5    | Noticed an ancient lich
 89448 | Zot:5    | Noticed an orb of fire
 89454 | Zot:5    | Gained mutation: You are resistant to electric shocks.
                  | (rElec) [an orb of fire]
 89455 | Zot:5    | Gained mutation: You are very dopey. (Int -4) [an orb of
                  | fire]
 89458 | Zot:5    | Noticed an orb of fire
 89460 | Zot:5    | Noticed an orb of fire
 89462 | Zot:5    | Noticed an orb of fire
 89462 | Zot:5    | Noticed an orb of fire
 89467 | Zot:5    | Noticed an orb of fire
 89467 | Zot:5    | Noticed an orb of fire
 89467 | Zot:5    | Noticed a Killer Klown
 89470 | Zot:5    | Reached XP level 25. HP: 63/240 MP: 5/38
 89470 | Zot:5    | HP: 6/240 [black draconian/bolt of lightning (8)]
 89470 | Zot:5    | Killed from afar by an orb of fire

Levels and vault maps discovered:
D:1:      tarquinn_simple_flora_water_e, layout_loops_corners
D:2:      layout_basic, chequers_ecumenical_altar_simple_redux,
          minmay_hedge_maze, bloody_trog
D:3:      layout_rooms, first_ration
D:4:      layout_loops_ring, biasface_ghost_orc_armoury
D:5:      layout_basic, minmay_temple_entry_antechambers, basic_altar,
          serial_shops, shop
D:6:      layout_rooms
D:7:      layout_basic, nicolae_overflow_crystal_walls, uniq_pikel
D:8:      layout_basic, dpeg_oklobed_lair, uniq_psyche
D:9:      layout_roguey
D:10:     layout_basic, enter_bailey_2, serial_shops, nicolae_shop_stone,
          hangedman_fish_farm
D:11:     layout_roguey, serial_shops, shop_statue
D:12:     layout_irregular_city, erik_orc_1, ebering_ghost_reflecting_pool,
          minmay_shattered_shrine
D:13:     layout_basic, basic_altar, ebering_ghost_reflecting_pool,
          due_unseen_surprise
D:14:     layout_irregular_city, hangedman_vaults_entry_quadrant_bands,
          nicolae_wwwww, serial_shops, kennysheep_little_box
D:15:     grunt_enter_depths_magical_seal, layout_stronghold, uniq_nessos
Temple:   kilobyte_greek_temple
Lair:1:   layout_regular_city, uniq_erica
Lair:2:   layout_misc_corridors, elwin_shoals_entry_rocks, disabler_island,
          grunt_megastairs_3
Lair:3:   layout_hall_layers, spider_nest_entry_web_field
Lair:4:   layout_regular_city, lemuel_fruit_tree, serial_bayou_shore_b,
          grunt_megastairs_4, serial_bayou_shore_a
Lair:5:   layout_regular_city, dpeg_slime_entry_enclosed_altar
Lair:6:   wormcave, layout_cave_pods, gammafunk_ghost_arena,
          gammafunk_lair_bear_cave
Shoals:1: layout_shoals, uniq_roxanne
Shoals:2: layout_shoals
Shoals:3: layout_shoals
Shoals:4: shoals_end_hangedman, layout_shoals
Spider:1: nicolae_spider_mines_3, drop_trap, hive_lemuel, uniq_kirke, uniq_agnes
Spider:2: layout_spider_delve, uniq_donald, uniq_nikola, uniq_louise
Spider:3: layout_spider_delve, uniq_jorgrun
Spider:4: grunt_spider_rune_circles, guppyfry_spider_mini_1
Slime:1:  layout_caves
Slime:2:  layout_caves, basic_altar
Slime:3:  layout_caves
Slime:4:  cheibrodos_slime_lost_civilization_9, layout_caves,
          nicolae_slime_round_cave
Slime:5
Orc:1:    layout_caves, serial_shops, uniq_maurice
Orc:2:    st_orc_ogre_mass, layout_diamond_mine, basic_altar
Vaults:1: vaults_room_door_hall, nicolae_vaults_windows_and_doors_thing,
          vaults_dpeg_spiral, nicolae_vaults_quartermaster,
          hangedman_vaults_capsules, hangedman_vaults_maws,
          vaults_room_grunt_arrival_ludios, dpeg_vaults_monster_box,
          layout_vaults_omnigrid, serial_shops, shop
Vaults:2: v_misc_1, hangedman_vaults_river_flow,
          minmay_crypt_entry_simple_sparse, nicolae_vaults_border_crossing,
          vaults_room_ringed_pool, hangedman_vaults_stream,
          hangedman_vaults_nails, nicolae_vaults_little_squares_4, v_misc_13,
          v_misc_4, vaults_mumra_lcd, vaults_room_fancy_cross,
          layout_vaults_omnicross, serial_shops, shop
Vaults:3: ontoclasm_vaults_claustrophobia, hangedman_vaults_stagger,
          vaults_room_door_hall, nicolae_vaults_alarming,
          hangedman_vaults_corner_blocks, nicolae_vaults_gold_heap,
          nicolae_vaults_little_squares_6,
          vaults_standard_mumra_enter_the_diamond, grunt_vaults_funnel,
          v_alt_pattern_5, vaults_room_pools, nicolae_vaults_specimen_jars,
          grunt_vaults_diagonal, vaults_room_hangedman_quadrants,
          layout_vaults_maze_bifur, uniq_margery
Vaults:4: advil_vaults_ghost_guards, vaults_mumra_minichess_inversion,
          nicolae_vaults_little_squares_6, v_misc_10, nicolae_vaults_triangles,
          ontoclasm_vaults_gateway, v_misc_12, hangedman_vaults_stitches,
          vaults_standard_mumra_x, ontoclasm_vaults_twist, v_misc_19,
          layout_vaults_ring, uniq_saint_roka
Depths:1: layout_gridlike, rand_demon_pan_entry_4, minmay_crystal_room,
          hell_entry, roderic_roman_lattice, serial_bayou_lake_a
Depths:2: grunt_deathspiral_small, layout_long_grid, tso_metal_star,
          abyss_entry, hell_entry, infiniplex_enter_wizlab_water,
          columned_hall_lemuel, infiniplex_staircase_spiral
Depths:3: hangedman_cross_stitches, layout_cave_pools, rand_demon_pan_entry_1,
          chequers_serial_rivers_small_a, hell_entry,
          infiniplex_staircase_pillars_1, minmay_shop_star, uniq_bai_suzhen
Depths:4: minmay_the_grid_triangle_9x9_rhombus_thin_mashed
          [minmay_the_grid_triangle_9x9_descending_squares,
          minmay_the_grid_triangle_9x9_prize_special,
          minmay_the_grid_triangle_9x9_wacky_v,
          minmay_the_grid_triangle_9x9_shrine], layout_gridlike,
          grunt_hell_entry_dis_old, kennysheep_pointless_box, abyss_entry,
          infiniplex_staircase_river, serial_bayou_shore_b, uniq_frederick
Depths:5: lemuel_castle_with_subvaults [lemuel_castle_interior_carwin_1],
          layout_gridlike, enter_ziggurat_c, hell_entry, abyss_entry,
          minmay_misc_feat_four_crosses, hex_tiny
Zot:1:    kennysheep_ambush_hall, layout_gridlike
Zot:2:    layout_gridville, grunt_megastairs_1
Zot:3:    layout_onion
Zot:4:    layout_twisted_circle
Zot:5:    layout_gridlike, grunt_ministairs_2, st_stairs_8

Skill      XL: |  1  2  3  4  5  6  7  8  9 10 11 12 13 14 15 16 17 18 19 20 21 22 23 24 |
---------------+-------------------------------------------------------------------------+-----
Summonings     | 5 6 7 8 9 10 11 12 13 14 15 16 19 20 21 22 | 22.4
Armour         | 1 2 3 4 5 6 8 9 10 11 13 14 15 17 21 | 21.5
Fighting       | 1 2 3 4 5 7 9 10 11 12 13 15 16 18 19 20 21 22 | 22.6
Short Blades   | 1 2 3 4 5 6 |  6.5
Dodging        | 3 4 5 6 8 9 10 12 13 14 | 14.7
Spellcasting   | 3 4 5 6 8 9 10 11 | 11.2
Air Magic      | 1 3 |  3.5
Polearms       | 1 4 7 8 9 11 13 14 | 14.0
Conjurations   | 5 10 11 12 | 12.7
Shields        | 3 4 7 |  7.2
Invocations    | 3 6 8 |  8.7
Transmutations | 1 5 8 9 |  9.9
Earth Magic    | 1 5 8 |  8.0
Necromancy     | 2 |  2.5
Stealth        | |  1.7

Action                   |  1- 3 |  4- 6 |  7- 9 | 10-12 | 13-15 | 16-18 | 19-21 | 22-24 | 25-27 || total
-------------------------+-------+-------+-------+-------+-------+-------+-------+-------+-------++-------
Melee: Unarmed           |    14 |       |       |       |       |       |       |       |       ||    14
       Club              |    21 |       |       |       |       |       |       |       |       ||    21
       Dagger            |    49 |   129 |   327 |   191 |       |       |       |       |       ||   696
       Trident           |       |       |       |   122 |   716 |  1024 |  1283 |   953 |       ||  4098
       Kick              |       |       |       |       |       |     8 |     8 |       |       ||    16
Throw: Dart              |       |     5 |    16 |       |       |       |       |       |       ||    21
 Cast: Summon Small Mamm |     9 |       |       |       |       |       |       |       |       ||     9
       Call Imp          |     3 |    10 |    16 |     3 |       |       |       |       |       ||    32
       Call Canine Famil |       |     5 |    23 |    49 |    34 |     8 |       |       |       ||   119
       Summon Lightning  |       |       |    15 |   106 |   132 |   192 |   129 |   137 |       ||   711
       Summon Ice Beast  |       |       |       |    56 |    45 |    25 |    31 |     3 |       ||   160
       Spellforged Servi |       |       |       |       |    64 |   147 |   125 |   120 |       ||   456
       Statue Form       |       |       |       |       |       |     1 |     1 |     1 |       ||     3
       Borgnjor's Vile C |       |       |       |       |       |       |    21 |    48 |       ||    69
       Fireball          |       |       |       |       |       |       |     7 |    10 |       ||    17
       Orb of Destructio |       |       |       |       |       |       |       |   107 |       ||   107
Invok: Step From Time    |       |       |       |       |       |       |     1 |     1 |       ||     2
       Slouch            |       |       |       |       |       |       |       |     2 |     1 ||     3
 Abil: Hop               |       |       |       |       |     3 |     1 |     7 |    11 |       ||    22
Evoke: Wand              |       |       |       |     1 |     2 |     2 |       |       |       ||     5
  Use: Scroll            |     4 |     4 |     4 |    19 |    18 |    24 |    16 |    29 |       ||   118
       Potion            |       |     3 |     3 |     5 |    10 |    11 |     3 |    17 |       ||    52
 Stab: Sleeping          |     7 |     1 |     1 |     3 |     9 |     2 |     9 |     1 |       ||    33
       Distracted        |       |       |       |     6 |    28 |    55 |    47 |    49 |       ||   185
  Eat: Chunk             |     6 |     8 |    17 |    21 |    39 |    32 |    31 |    19 |       ||   173
       Ration            |       |       |     4 |       |     3 |    10 |     8 |    18 |       ||    43
Armor: Robe              |    16 |    14 |       |       |       |       |       |       |       ||    30
       Leather armour    |       |    18 |    89 |    42 |       |       |       |       |       ||   149
       Ring mail         |       |       |       |    51 |   210 |   214 |   105 |       |       ||   580
       Skin              |       |       |       |       |       |     6 |     4 |    22 |       ||    32
       Quicksilver drago |       |       |       |       |       |       |    76 |   241 |       ||   317
Dodge: Dodged            |    69 |    92 |   185 |   400 |   777 |   655 |   609 |   654 |     1 ||  3442
Block: Buckler           |       |       |       |       |   210 |   691 |   586 |   447 |     1 ||  1935
       Reflection        |       |       |       |       |       |    95 |   105 |    17 |       ||   217

Table legend:
 A = Non-vault XP
 B = Vault XP
 C = Vault XP percentage of total XP
 D = Non-vault monster count
 E = Vault monster count
 F = Vault count percentage of total count
                 A         B        C        D         E       F
            +---------+---------+-------+---------+---------+-------
      Total |  617726 |  347972 |  36.0 |    1710 |     670 |  28.2
            +---------+---------+-------+---------+---------+-------
        D:1 |      40 |       0 |   0.0 |      28 |       0 |   0.0
        D:2 |     113 |       0 |   0.0 |      22 |       0 |   0.0
        D:3 |      54 |       0 |   0.0 |      23 |       0 |   0.0
        D:4 |     652 |       0 |   0.0 |      20 |       0 |   0.0
        D:5 |     377 |       0 |   0.0 |      13 |       0 |   0.0
        D:6 |    1213 |       0 |   0.0 |      34 |       0 |   0.0
        D:7 |     805 |     304 |  27.4 |      21 |       1 |   4.5
        D:8 |     677 |     212 |  23.8 |      20 |       1 |   4.8
        D:9 |     839 |       0 |   0.0 |      23 |       0 |   0.0
       D:10 |    1816 |     230 |  11.2 |      43 |       1 |   2.3
       D:11 |    2629 |       0 |   0.0 |      29 |       0 |   0.0
       D:12 |    2119 |    2500 |  54.1 |      21 |      29 |  58.0
       D:13 |    6646 |    2273 |  25.5 |      46 |       3 |   6.1
       D:14 |    6654 |    3415 |  33.9 |      36 |      16 |  30.8
       D:15 |    7991 |    4227 |  34.6 |      32 |      10 |  23.8
     Lair:1 |    1244 |     462 |  27.1 |      10 |       1 |   9.1
     Lair:2 |    5534 |     857 |  13.4 |      36 |       9 |  20.0
     Lair:3 |    2601 |     299 |  10.3 |      14 |       1 |   6.7
     Lair:4 |    2695 |      74 |   2.7 |      23 |       1 |   4.2
     Lair:5 |    7212 |       0 |   0.0 |      44 |       0 |   0.0
     Lair:6 |    6764 |    3632 |  34.9 |      33 |      20 |  37.7
   Shoals:1 |   12321 |     949 |   7.2 |      39 |       1 |   2.5
   Shoals:2 |    9369 |       0 |   0.0 |      32 |       0 |   0.0
   Shoals:3 |   13260 |       0 |   0.0 |      43 |       0 |   0.0
   Shoals:4 |    7166 |   14953 |  67.6 |      25 |      37 |  59.7
   Spider:1 |   13425 |    4465 |  25.0 |      71 |      21 |  22.8
   Spider:2 |   13881 |    4419 |  24.1 |      67 |       3 |   4.3
   Spider:3 |    5056 |    1807 |  26.3 |      16 |       1 |   5.9
   Spider:4 |   15530 |   18203 |  54.0 |      52 |      51 |  49.5
    Slime:1 |   24616 |       0 |   0.0 |      42 |       0 |   0.0
    Slime:2 |    6472 |       0 |   0.0 |      17 |       0 |   0.0
    Slime:3 |    9663 |       0 |   0.0 |      22 |       0 |   0.0
    Slime:4 |   29146 |   12990 |  30.8 |      66 |       9 |  12.0
    Slime:5 |    7569 |   27891 |  78.7 |      17 |      18 |  51.4
      Orc:1 |    1297 |     247 |  16.0 |      30 |       1 |   3.2
      Orc:2 |     855 |   13083 |  93.9 |      20 |      44 |  68.8
   Vaults:1 |   26506 |   18984 |  41.7 |      79 |      41 |  34.2
   Vaults:2 |   16321 |   25211 |  60.7 |      49 |      53 |  52.0
   Vaults:3 |   25696 |   29602 |  53.5 |      53 |      40 |  43.0
   Vaults:4 |   18789 |   20214 |  51.8 |      42 |      59 |  58.4
   Depths:1 |   20749 |    3329 |  13.8 |      37 |       5 |  11.9
   Depths:2 |   21770 |   24982 |  53.4 |      36 |      36 |  50.0
   Depths:3 |   25521 |   16787 |  39.7 |      53 |      18 |  25.4
   Depths:4 |   32544 |   15466 |  32.2 |      52 |      12 |  18.8
   Depths:5 |   33571 |   28335 |  45.8 |      45 |      36 |  44.4
      Zot:1 |   37230 |    8361 |  18.3 |      32 |       8 |  20.0
      Zot:2 |   39678 |    5198 |  11.6 |      29 |       2 |   6.5
      Zot:3 |   32595 |       0 |   0.0 |      25 |       0 |   0.0
      Zot:4 |   49823 |       0 |   0.0 |      41 |       0 |   0.0
      Zot:5 |    8632 |   17613 |  67.1 |       7 |      11 |  61.1
     Bailey |       0 |     676 | 100.0 |       0 |      16 | 100.0
     WizLab |       0 |   15722 | 100.0 |       0 |      54 | 100.0
            +---------+---------+-------+---------+---------+-------
